 Dungeon Crawl Stone Soup version 0.28-a0-1235-g7c8fac35f0 (webtiles) character file.

Game seed: 17153318032617778378

1041 kae the Cleaver (level 8, -2/64 HPs)
             Began as a Hill Orc Fighter on Dec 24, 2021.
             Killed by divine providence
             ... invoked by an orc priest
              (13 damage)
             ... on level 7 of the Dungeon.
             The game lasted 00:06:00 (6380 turns).

kae the Cleaver (Hill Orc Fighter)                  Turns: 6380, Time: 00:06:00

Health: -2/64      AC: 10    Str: 21    XL:     8   Next: 25%
Magic:  8/8        EV:  9    Int:  8    God:
Gold:   168        SH:  4    Dex: 10    Spells: 7/7 levels left

rFire   . . .      SeeInvis .   a - +1 war axe (venom)
rCold   . . .      Faith    .   c - +0 buckler
rNeg    . . .      Spirit   .   b - +0 scale mail
rPois   .          Reflect  .   (helmet restricted)
rElec   .          Harm     .   (no cloak)
rCorr   .          Rampage  .   g - +1 pair of gloves
Will    .....                   q - +0 pair of boots
Stlth   ..........              (no amulet)
HPRegen 0.20/turn               (no ring)
MPRegen 0.11/turn               (no ring)

@: no status effects
A: horns 1, subdued magic 1
a: Convert to Beogh


You were on level 7 of the Dungeon.
You visited 1 branch of the dungeon, and saw 7 of its levels.
You also visited: Sewer.

You collected 187 gold pieces.
You spent 19 gold pieces at shops.

Inventory:

Hand Weapons
 a - a +1 war axe of venom (weapon)
 w - a +2 battleaxe
Armour
 b - a +0 scale mail (worn)
 c - a +0 buckler (worn)
 g - a +1 pair of gloves (worn)
 q - a +0 pair of boots (worn)
Jewellery
 f - a ring of fire
 h - a ring of fire
 k - a ring of fire
Wands
 i - a wand of flame (18)
 m - a wand of paralysis (8)
Scrolls
 e - 2 scrolls of amnesia
 r - a scroll of teleportation
 s - a scroll of magic mapping
 t - a scroll of enchant armour
 x - a scroll of immolation {unknown}
Potions
 d - a potion of might
 j - 2 potions of attraction
 l - 2 potions of curing
 n - 2 potions of degeneration
 o - a potion of brilliance
 p - 2 potions of haste
 u - a potion of flight


   Skills:
 - Level 3.6 Fighting
 + Level 12.1 Axes
 - Level 3.2 Armour
 - Level 4.0 Shields


You had 7 spell levels left.
You didn't know any spells.
Your spell library contained the following spells:

 Spells                   Type           Power      Damage    Failure   Level
 Magic Dart               Conj           0%         1d3       71%         1
 Blink                    Tloc           0%         N/A       85%         2
 Call Imp                 Summ           0%         N/A       85%         2
 Dazzling Flash           Conj/Hex       0%         N/A       97%         3
 Mephitic Cloud           Conj/Pois/Air  0%         N/A       97%         3
 Iskenderun's Mystic Bla  Conj/Tloc      0%         2d3       100%        4
 Manifold Assault         Tloc           0%         N/A       100%        5
 Starburst                Conj/Fire      0%         6d3       100%        6
 Storm Form               Tmut/Air       0%         N/A       100%        7


Dungeon Overview and Level Annotations

Branches:
Dungeon (6/15)              Sewer (visited)
 Temple: D:4-7

Altars:
Hepliaklqana
Makhleb
Trog
Vehumet

Shops:
D:4 *

Annotations:
D:2 1 runed translucent door, Crazy Yiuf
D:4 3 runed translucent doors, p0werm0de's ghost, amateur VSCK


Innate Abilities, Weirdness & Mutations

You have a pair of small horns on your head.
Your spells are a little easier to cast, but a little less powerful.


Message History

The orc priest calls down the wrath of Beogh upon you.
You struggle to resist.
The orc priest shouts, "Beogh is our master!
Accept the truth or die!"
You slash the orc priest!
The orc priest is poisoned.
The orc priest is heavily wounded.
The orc priest threatens, "By the altar or by the axe, you will meet Beogh!"
You hit the orc priest.
The orc priest looks as sick as possible!
The orc hits you from afar with a +0 trident.
The orc priest hits you with a +0 club.
You barely miss the orc priest.
The orc priest shouts, "Join the one true god or die!"
The orc priest is heavily wounded.
You closely miss the orc priest.
The orc priest mumbles some strange prayers to Beogh against you.
Beogh smites you!
* * * LOW HITPOINT WARNING * * *
The orc hits you from afar with a +0 trident.
* * * LOW HITPOINT WARNING * * *
You closely miss the orc priest.
The orc priest is severely wounded.
You hit the orc priest.
You kill the orc priest!
The orc priest hits you with a +0 whip.
* * * LOW HITPOINT WARNING * * *
The orc closely misses you.
Your Axes skill increases to level 12!
It was a potion of mutation.
You feel extremely strange. A pair of horns grows on your head!
Your connection to magic feels subdued.
The orc priest closely misses you. The orc barely misses you.
You hit the orc priest.
The orc priest looks even sicker.
Your headbutt misses the orc priest.
The orc priest is almost dead.
You kill the orc priest!
You closely miss the orc priest. You headbutt the orc priest!
The orc priest is heavily wounded.
The orc closely misses you.
The orc priest mumbles some strange prayers to Beogh against you.
Beogh smites you!
You die...

#.##.#.##..#.# # #.##.#.
##.#.# #.##)# #.#.#
#.##.#.###.#.# #
#.##.#.....#.# #
#.##.#####.#.# #
#.##.### #...# #
#.#....# #...# #
#.#....# #..@#
#####.#....# #..)o......
......#....# #....o.....
#....###.#####.#........
.............(.#........
#....###.#######...###..
.....# #..( ....# .
.....# ##### ##..#
.....#


You could see an orc priest and an orc.

Vanquished Creatures
  Grinder (D:3)
  A phantom (D:5)
  A scorpion (D:5)
  A wight (D:7)
  2 howler monkeys
  2 hounds (D:4)
  3 orc priests (D:7)
  A jelly (D:4)
  Jessica (D:2)
  Natasha (thrice) (D:2)
  An orc wizard (D:3)
  5 river rats
  9 adders
  2 ufetubi
  6 worms
  5 dart slugs
  11 orcs
  2 bats (D:3)
  17 endoplasms
  4 giant cockroaches
  4 hobgoblins
  23 jackals
  8 kobolds
  5 quokkas
  11 ball pythons
  5 frilled lizards
  4 goblins
  9 rats
147 creatures vanquished.

Notes
Turn   | Place    | Note
-------+----------+-------------------------------------------
     0 | D:1      | kae the Hill Orc Fighter began the quest for the Orb.
     0 | D:1      | Reached XP level 1. HP: 19/19 MP: 1/1
    76 | D:1      | Found Guepsuu's Book Shoppe.
   282 | D:1      | Reached skill level 3 in Axes
   498 | D:1      | Reached XP level 2. HP: 23/26 MP: 2/2
  1198 | D:2      | Reached XP level 3. HP: 31/31 MP: 3/3
  1292 | D:2      | Reached skill level 4 in Axes
  1411 | D:2      | Noticed Jessica
  1432 | D:2      | Killed Jessica
  1433 | D:2      | Reached skill level 5 in Axes
  1433 | D:2      | Reached XP level 4. HP: 21/39 MP: 4/4
  1976 | D:2      | Noticed Natasha
  1987 | D:2      | Killed Natasha
  1999 | D:2      | Noticed Natasha
  2010 | D:2      | Killed Natasha
  2011 | D:2      | Reached skill level 6 in Axes
  2011 | D:2      | Reached XP level 5. HP: 27/45 MP: 5/5
  2015 | D:2      | Noticed Natasha
  2021 | D:2      | Killed Natasha
  2389 | D:2      | Found a runed translucent door.
  2390 | D:2      | Noticed Crazy Yiuf
  2904 | D:3      | Found a burning altar of Makhleb.
  2922 | D:3      | Reached skill level 7 in Axes
  3099 | D:3      | Found a radiant altar of Vehumet.
  3160 | D:3      | Reached XP level 6. HP: 42/51 MP: 6/6
  3559 | D:3      | Noticed Grinder
  3565 | D:3      | Paralysed by Grinder for 4 turns
  3572 | D:3      | Killed Grinder
  3573 | D:3      | Reached skill level 9 in Axes
  3574 | D:3      | Found a faded altar of an unknown god.
  3698 | D:3      | Reached XP level 7. HP: 57/57 MP: 7/7
  3791 | D:3      | Found a hazy altar of Hepliaklqana.
  4054 | D:4      | Found Qoenas's Assorted Antiques.
  4108 | D:4      | Bought a smoky inky potion for 19 gold pieces
  4186 | D:4      | Found a runed translucent gate.
  4186 | D:4      | Found a runed translucent gate.
  4186 | D:4      | Found a runed translucent gate.
  4189 | D:4      | Noticed p0werm0de's ghost (amateur VSCK)
  4293 | D:4      | Reached skill level 10 in Axes
  4365 | D:4      | Found a glowing drain.
  4369 | Sewer    | Entered a sewer
  5508 | D:5      | Entered Level 5 of the Dungeon
  5658 | D:5      | Reached skill level 11 in Axes
  5865 | D:5      | Found a bloodstained altar of Trog.
  5877 | D:5      | Reached XP level 8. HP: 64/64 MP: 8/8
  6243 | D:6      | You fall into a shaft and drop 1 floor!
  6378 | D:7      | Reached skill level 12 in Axes
  6378 | D:7      | Gained mutation: You have a pair of small horns on your
                  | head. [potion of mutation]
  6378 | D:7      | Gained mutation: Your spells are a little easier to cast,
                  | but a little less powerful. [potion of mutation]
  6380 | D:7      | Killed from afar by an orc priest

Illustrated notes

Levels and vault maps discovered:
D:1:      nagdon_arrival_double_spiral, layout_basic, serial_shops,
          nicolae_shop_hallway_stairs
D:2:      layout_loops_ring, serial_park_tiny_pond, nrook_loot_triangle,
          uniq_natasha, uniq_crazy_yiuf_cottage, uniq_jessica
D:3:      minmay_inner_zag, layout_basic, nicolae_vehumet_altar_sigil,
          nzn_hepliaklqana_mist_gate, mainiacjoe_overflow_concentric_impassable,
          hellmonk_ecumenical_altar_lost_god, grunt_ministairs_12,
          chequers_serial_rivers_large_b, minmay_misc_feat_rugged,
          minmay_unequal, uniq_grinder
D:4:      layout_rooms, gammafunk_ghost_nasty_kobolds, serial_shops,
          nicolae_shop_statue_plus, lightli_sewer_entry_pipes,
          grunt_ministairs_12
D:5:      layout_basic, mainiacjoe_overflow_boulevard
D:6:      layout_basic, lemuel_doored_altar, minmay_temple_entry_offerings,
          serial_shops, shop, uniq_eustachio
D:7:      layout_basic, lemuel_coloured_pillars_altar, feat_on_display

Skill      XL: |  1  2  3  4  5  6  7  8 |
---------------+-------------------------+-----
Axes           | 3 5 6 7 9 11 12 | 12.1
Shields        | 4 |  4.0
Fighting       | |  3.6
Armour         | |  3.2

Action                   |  1- 3 |  4- 6 |  7- 9 || total
-------------------------+-------+-------+-------++-------
Melee: War axe           |    85 |   147 |   202 ||   434
       Headbutt          |       |       |     1 ||     1
  Use: Scroll            |     3 |     5 |     9 ||    17
       Potion            |     1 |       |     2 ||     3
Armor: Scale mail        |    35 |    87 |    95 ||   217
Dodge: Dodged            |    30 |    64 |    70 ||   164
Block: Buckler           |    12 |    32 |    38 ||    82

Table legend: (Time is in decaauts)
 A = Elapsed time spent in this place.
 B = Non-inter-level travel time spent in this place.
 C = Inter-level travel time spent in this place.
 D = Time resting spent in this place.
 E = Time spent auto-exploring this place.
 F = Levels seen in this place.
 G = Mean time per level.
                   A        B        C        D        E       F      G
               +--------+--------+--------+--------+--------+-----+--------+
         Total |   6615 |   6378 |    237 |    441 |   4782 |   8 |  826.9 |
       Dungeon |   5861 |   5624 |    237 |    313 |   4370 |   7 |  837.3 |
         Sewer |    754 |    754 |      0 |    128 |    412 |   1 |  754.0 |
               +--------+--------+--------+--------+--------+-----+--------+

Top non-repeatable levels by time:
     D:3: 1575 daAuts
     D:1: 1374 daAuts
     D:2: 1150 daAuts
     D:4: 892 daAuts
   Sewer: 754 daAuts
     D:5: 710 daAuts
     D:7: 135 daAuts
     D:6: 22 daAuts
